AoeStats
← Ale Torra

Arena

509916571Analyzed
3v3 RM · 4d ago on Sep 28, 2026· 43m 32s· 6 players
Game mode
Random Map
Map size
Normal (6 player)
Population
200
Speed
Normal
Resources
Standard
Victory
Conquest
Starting age
Dark Age
Ending age
Imperial Age
RankedLock teamsTeams togetherTeam positionsShared explorationLock speedFull tech treeHidden civsTurbo modeCheats
Victory
Defeat
🇪🇸 Mongols · Spain
1162
+9
🇪🇸 Poles · Spain
1103
+11
🇪🇸 Portuguese · Spain
1092
+12
🇷🇺 Celts · Russia
1061
-12
🇷🇺 Poles · Russia
982
-10
🇪🇸 Franks · Spain
966
-10
AMALARI
5:09 Loom
10:51 Feudal Age
17:18 Castle Age
Ventanni
14:08 Feudal Age
15:13 Double-Bit Axe
15:21 Horse Collar
15:41 Loom
18:22 Castle Age
23:05 Forging
22:57 Scale Mail Armor
23:41 Wheelbarrow
26:41 Bow Saw
28:44 Heavy Plow
32:15 Imperial Age
31:39 Szlachta Privileges
32:53 Iron Casting
32:24 Scale Barding Armor
32:11 Light Cavalry
33:04 Bloodlines
32:59 Husbandry
33:19 Hand Cart
33:47 Crop Rotation
33:52 Conscription
34:02 Winged Hussar
40:56 Blast Furnace
40:18 Chain Barding Armor
Islamchik
12:00 Feudal Age
15:53 Castle Age
14:03 Horse Collar
14:12 Double-Bit Axe
15:06 Scale Mail Armor
17:56 Loom
18:58 Forging
26:38 Chain Mail Armor
33:31 Iron Casting
Ale Torra
9:54 Feudal Age
8:09 Loom
14:48 Castle Age
19:12 Double-Bit Axe
27:38 Fletching
33:39 Bodkin Arrow
44:53 Imperial Age
42:08 Horse Collar
42:41 Bow Saw
Filipo
0:29 Loom
10:47 Feudal Age
16:52 Castle Age
16:25 Stone Mining
16:21 Horse Collar
16:29 Double-Bit Axe
17:04 Fletching
31:14 Bodkin Arrow
Sir Charles
3:57 Loom
11:55 Feudal Age
16:00 Castle Age
14:32 Double-Bit Axe
19:56 Horse Collar
24:39 Bow Saw
25:52 Heavy Plow
28:10 Gold Mining
28:50 Husbandry
29:00 Bloodlines
31:42 Scale Barding Armor
31:48 Forging
32:57 Wheelbarrow
35:18 Imperial Age
33:58 Stone Mining
34:41 Chain Barding Armor
34:56 Iron Casting
35:23 Cavalier
36:11 Szlachta Privileges
36:27 Conscription
Connection lost

Rejoining the realm…

Still unreachable

The connection could not be restored.

Session expired

The server has moved on; the page needs a fresh start.